 Dungeon Crawl Stone Soup version 0.27.0-1-g7a089689b8 (webtiles) character file.

Game seed: 17862642001758734555

70 SnakkuSnakku7 the Cudgeller (level 4, 0/39 (41) HPs)
             Began as a Minotaur Monk on Aug 11, 2021.
             Succumbed to a gnoll's poison
             ... on level 2 of the Dungeon.
             The game lasted 00:01:30 (1053 turns).

SnakkuSnakku7 the Cudgeller (Minotaur Monk)         Turns: 1053, Time: 00:01:31

HP:   0/39 (41)     AC:  5    Str: 16    XL:     4   Next: 4%
MP:   3/3           EV: 11    Int:  7    God:
Gold: 10            SH:  0    Dex: 13    Spells: 3/3 levels left

rFire    . . .     SeeInvis .   a - +2 flail (vorpal)
rCold    . . .     Faith    .   (no shield)
rNeg     . . .     Spirit   .   f - +0 ring mail
rPois    .         Reflect  .   (helmet restricted)
rElec    .         Harm     .   (no cloak)
rCorr    .         Rampage  .   (no gloves)
Will     .....                  (no boots)
Stlth    +.........             (no amulet)
HPRegen  0.13/turn              (no ring)
MPRegen  0.08/turn              (no ring)

@: lethally poisoned (0 -> -5), lightly drained
A: horns 2, retaliatory headbutt
a: no special abilities


You were on level 2 of the Dungeon.
You visited 1 branch of the dungeon, and saw 2 of its levels.

You collected 10 gold pieces.

Inventory:

Hand Weapons
 a - a +2 vorpal flail (weapon)
 g - a +0 mace
 h - a +2 mace of draining
Armour
 b - a +0 robe
 f - a +0 ring mail (worn)
Scrolls
 c - a scroll of fear {unknown}
 d - a scroll of identify {unknown}
 e - a scroll of immolation {unknown}


   Skills:
 + Level 4.9 Fighting
 + Level 4.9 Maces & Flails
 - Level 3.2 Dodging
 - Level 1.5 Stealth


You had 3 spell levels left.
You didn't know any spells.
Your spell library was empty.

Dungeon Overview and Level Annotations

Branches:
Dungeon (2/15)

Altars:

Annotations:
D:2 Jessica


Innate Abilities, Weirdness & Mutations

You have a pair of horns on your head.
You reflexively headbutt those who attack you in melee.


Message History

You have reached level 4!
You feel agile.
You see here a +2 vorpal flail.
h - a +2 vorpal flail
h - a +2 vorpal flail (weapon)
Adjust to which letter? (? for menu, Esc to quit)
a - a +2 vorpal flail (weapon);
h - a +2 mace of draining A gnoll comes into view.
It is wielding a +2 halberd of venom.
The gnoll shouts!
There are monsters nearby!
There are monsters nearby!
You see here a +0 spear.
The gnoll hits you from afar with a +2 halberd of venom.
You are poisoned.
You feel very sick.
You feel sick.
You aren't carrying any potions.
Unknown command.
You feel sick.
You feel sick.
You see here a +0 scale mail.
You feel sick.
The gnoll hits you from afar with a +2 halberd of venom.
You are lethally poisoned!
Unknown command.
* * * LOW HITPOINT WARNING * * *
You feel very sick.
* * * LOW HITPOINT WARNING * * *
You feel very sick.
* * * LOW HITPOINT WARNING * * *
You feel sick.
* * * LOW HITPOINT WARNING * * *
You feel sick.
You see here a rat skeleton.
* * * LOW HITPOINT WARNING * * *
You feel sick. The gnoll barely misses you. You furiously retaliate!
You headbutt the gnoll! You hit the gnoll.
You kill the gnoll!
You die...

#.... #.... #....# #....#
#....# #....## #.....###
#.....).# #########
#.....#@###...[...#
#....g#.รท.....###.#
#....[#.......# #)#
#.....#.......##....#
#.....##......#........
####.....##......#.....###.
#....######.............
#...)# #......#...####
#....######......#...#


There were no monsters in sight!

Vanquished Creatures
  Terence (D:2)
  3 gnolls (D:2)
  4 ball pythons
  6 endoplasms (D:1)
  A giant cockroach (D:1)
  3 goblins (D:1)
  2 hobgoblins (D:1)
  4 jackals (D:1)
  A frilled lizard (D:1)
  A kobold (D:2)
  A rat (D:2)
27 creatures vanquished.

Notes
Turn   | Place    | Note
-------+----------+-------------------------------------------
     0 | D:1      | SnakkuSnakku7 the Minotaur Monk began the quest for the
                  | Orb.
     0 | D:1      | Reached XP level 1. HP: 19/19 MP: 0/0
    81 | D:1      | Reached XP level 2. HP: 21/27 MP: 1/1
   141 | D:1      | Found a faded altar of an unknown god.
   695 | D:2      | Noticed Terence
   704 | D:2      | Reached XP level 3. HP: 20/30 MP: 2/2
   706 | D:2      | HP: 1/27 [Terence (1)]
   711 | D:2      | Killed Terence
   724 | D:2      | Noticed Jessica
  1017 | D:2      | Reached XP level 4. HP: 29/39 MP: 3/3
  1052 | D:2      | HP: 1/39 [poisoned by a gnoll]
  1053 | D:2      | Succumbed to a gnoll's poison

Illustrated notes

Levels and vault maps discovered:
D:1:      minmay_arrival_up_and_down, layout_loops_ring,
          ebering_ecumenical_altar_sacrificial, minmay_misc_feat_more_columns
D:2:      layout_basic, uniq_robin, uniq_jessica, uniq_terence

Skill      XL: |  1 |
---------------+----+-----
Fighting       | 4 |  4.9
Maces & Flails | 4 |  4.9
Dodging        | |  3.2
Stealth        | |  1.5

Action                   |  1- 3 |  4- 6 || total
-------------------------+-------+-------++-------
Melee: Mace              |    47 |       ||    47
       Headbutt          |     4 |       ||     4
       Flail             |       |     1 ||     1
 Stab: Sleeping          |     2 |       ||     2
Armor: Ring mail         |    13 |       ||    13
Dodge: Dodged            |    22 |     1 ||    23
